MLB
ST. LOUIS CARDINALS @ SAN FRANCISCO GIANTS
08/27/2047
 
TOP OF THE 1ST
St. Louis Cardinals batting - Pitching for San Francisco Giants : RHP Keith Kidd
Pitching: RHP Keith Kidd
Batting: LHB Ichiro Toyota 0-0: Ball
1-0: Ball
2-0: Called Strike
2-1: Swinging Strike
2-2: Fly out, F9 (Flyball, 9D, EV 101.2 MPH)
Batting: LHB Tom Butterbaugh 0-0: Ball
1-0: Ball
2-0: Fly out, F7 (Flyball, 78S, EV 88.1 MPH)
Batting: SHB Antoine Roux 0-0: Ball
1-0: Foul Ball, location: 2F
1-1: Foul Ball, location: 2F
1-2: Strikes out swinging
Top of the 1st over - 0 runs, 0 hits, 0 errors, 0 left on base; St. Louis 0 - San Francisco 0
BOTTOM OF THE 1ST
San Francisco Giants batting - Pitching for St. Louis Cardinals : RHP Keith Anter
Pitching: RHP Keith Anter
Batting: RHB Nick Rigden 0-0: Ball
1-0: Ground out 6-3 (Groundball, 56, EV 90.6 MPH)
Batting: RHB Bobby Ayala 0-0: Ball
1-0: Ball
2-0: Ball
3-0: Called Strike
3-1: Base on Balls
Batting: RHB Sean Zielinski 0-0: Ball
Bobby Ayala is caught stealing 2nd base 2-4
1-0: Ball
2-0: Ball
3-0: Called Strike
3-1: Called Strike
3-2: Base on Balls
Batting: LHB Jack Henningar 0-0: Called Strike
Sean Zielinski steals 2nd base
0-1: Ground out 4-3 (Groundball, 4, EV 97.5 MPH)
Bottom of the 1st over - 0 runs, 0 hits, 0 errors, 1 left on base; St. Louis 0 - San Francisco 0
TOP OF THE 2ND
St. Louis Cardinals batting - Pitching for San Francisco Giants : RHP Keith Kidd
Batting: LHB Armando Carbajal 0-0: Ball
1-0: Swinging Strike
1-1: Ball
2-1: Foul Ball, location: 2F
2-2: Strikes out swinging
Batting: RHB Tenshou Takita 0-0: Ball
1-0: Fly out, F7 (Line Drive, 7, EV 87.5 MPH)
Batting: RHB Jordan Diaz 0-0: Swinging Strike
0-1: Swinging Strike
0-2: Strikes out looking
Top of the 2nd over - 0 runs, 0 hits, 0 errors, 0 left on base; St. Louis 0 - San Francisco 0
BOTTOM OF THE 2ND
San Francisco Giants batting - Pitching for St. Louis Cardinals : RHP Keith Anter
Batting: LHB Carey Horncole 0-0: Foul Ball, location: 2F
0-1: Swinging Strike
0-2: Ball
1-2: Strikes out swinging
Batting: RHB Kevin Howard 0-0: Ball
1-0: Called Strike
1-1: Called Strike
1-2: Strikes out swinging
Batting: LHB Tom Best 0-0: Ball
1-0: Swinging Strike
1-1: Ball
2-1: Called Strike
2-2: Fly out, F7 (Flyball, 78M, EV 89.4 MPH)
Bottom of the 2nd over - 0 runs, 0 hits, 0 errors, 0 left on base; St. Louis 0 - San Francisco 0
TOP OF THE 3RD
St. Louis Cardinals batting - Pitching for San Francisco Giants : RHP Keith Kidd
Batting: RHB Klaas Meij 0-0: Called Strike
0-1: Foul Ball, location: 2F
0-2: Ball
1-2: Ground out 5-3 (Groundball, 56, EV 83.8 MPH)
Batting: SHB Jason Kirby 0-0: Called Strike
0-1: Foul Ball, location: 2F
0-2: Ball
1-2: Foul Ball, location: 2F
1-2: Ball
2-2: Foul Ball, location: 2F
2-2: Strikes out looking
Batting: RHB Fabrice Bertin 0-0: Called Strike
0-1: Ball
1-1: Ground out 4-3 (Groundball, 4, EV 90.0 MPH)
Top of the 3rd over - 0 runs, 0 hits, 0 errors, 0 left on base; St. Louis 0 - San Francisco 0
BOTTOM OF THE 3RD
San Francisco Giants batting - Pitching for St. Louis Cardinals : RHP Keith Anter
Batting: SHB Bill Dooms 0-0: Ball
1-0: Ground out 4-3 (Groundball, 34D, EV 80.6 MPH)
Batting: LHB John Blair 0-0: Swinging Strike
0-1: Foul Ball, location: 2F
0-2: Ball
1-2: Strikes out swinging
Batting: RHB Nick Rigden 0-0: Ground out 1-3 (Groundball, P, EV 72.5 MPH)
Bottom of the 3rd over - 0 runs, 0 hits, 0 errors, 0 left on base; St. Louis 0 - San Francisco 0
TOP OF THE 4TH
St. Louis Cardinals batting - Pitching for San Francisco Giants : RHP Keith Kidd
Batting: LHB Ichiro Toyota 0-0: Ball
1-0: SINGLE (Line Drive, 9S, EV 102.5 MPH)
Batting: LHB Tom Butterbaugh 0-0: Called Strike
0-1: Called Strike
Pickoff Throw by Catcher to First - Out!
0-2: Ball
1-2: Strikes out swinging
Batting: SHB Antoine Roux 0-0: Called Strike
0-1: Ball
1-1: Ball
2-1: DOUBLE (Flyball, 8LXD, EV 100.6 MPH)
Batting: LHB Armando Carbajal 0-0: Ball
1-0: Foul Ball, location: 2F
1-1: Fly out, F8 (Flyball, 8LD, EV 84.4 MPH)
Top of the 4th over - 0 runs, 2 hits, 0 errors, 1 left on base; St. Louis 0 - San Francisco 0
BOTTOM OF THE 4TH
San Francisco Giants batting - Pitching for St. Louis Cardinals : RHP Keith Anter
Batting: RHB Bobby Ayala 0-0: Ball
1-0: Ball
2-0: Ball
3-0: Base on Balls
Batting: RHB Sean Zielinski 0-0: Ball
1-0: Ball
2-0: Called Strike
2-1: 2-RUN HOME RUN (Flyball, 7D, EV 96.2 MPH), Distance : 385 ft
Batting: LHB Jack Henningar 0-0: Called Strike
0-1: Called Strike
0-2: Strikes out swinging
Batting: LHB Carey Horncole 0-0: Ball
1-0: Swinging Strike
1-1: Called Strike
1-2: Ball
2-2: Fly out, F9 (Flyball, 9LM, EV 91.2 MPH)
Batting: RHB Kevin Howard 0-0: Foul Ball, location: 2F
0-1: Foul Ball, location: 2F
0-2: Ball
1-2: Ball
2-2: Ball
3-2: Fly out, F4 (Flyball, 34D, EV 89.4 MPH)
Bottom of the 4th over - 2 runs, 1 hit, 0 errors, 0 left on base; St. Louis 0 - San Francisco 2
TOP OF THE 5TH
St. Louis Cardinals batting - Pitching for San Francisco Giants : RHP Keith Kidd
Batting: RHB Tenshou Takita 0-0: Ball
1-0: Ball
2-0: Foul Ball, location: 2F
2-1: Foul Ball, location: 2F
2-2: Foul Ball, location: 2F
2-2: Ground out 6-3 (Groundball, 6S, EV 72.5 MPH)
Batting: RHB Jordan Diaz 0-0: SINGLE (Line Drive, 4MD, EV 96.2 MPH)
Batting: RHB Klaas Meij 0-0: Foul Ball, location: 2F
0-1: Ball
1-1: Ball
2-1: Called Strike
2-2: Foul Ball, location: 2F
2-2: Grounds into double play, 6-4-3 (Groundball, 6, EV 88.1 MPH)
Top of the 5th over - 0 runs, 1 hit, 0 errors, 0 left on base; St. Louis 0 - San Francisco 2
BOTTOM OF THE 5TH
San Francisco Giants batting - Pitching for St. Louis Cardinals : RHP Keith Anter
Batting: LHB Tom Best 0-0: Called Strike
0-1: Ball
1-1: Foul Ball, location: 2F
1-2: Hit by Pitch
Batting: SHB Bill Dooms 0-0: Ball
1-0: Ball
2-0: SINGLE (Groundball, 6S, EV 69.4 MPH) (infield hit)
Tom Best to second
Batting: LHB John Blair 0-0: Ball
1-0: Called Strike
1-1: Ball
2-1: Swinging Strike
2-2: Strikes out swinging
Batting: RHB Nick Rigden 0-0: Ball
1-0: Swinging Strike
1-1: Ball
2-1: Ball
3-1: SINGLE (Groundball, 6S, EV 65.6 MPH) (infield hit)
Tom Best to third
Bill Dooms to second
Batting: RHB Bobby Ayala 0-0: Ball
1-0: Foul Ball, location: 2F
1-1: Called Strike
1-2: Grounds into fielders choice 5-2 (Groundball, 5S, EV 91.9 MPH)
Bill Dooms to third
Nick Rigden to second
Batting: RHB Sean Zielinski 0-0: Ball
1-0: Swinging Strike
1-1: Swinging Strike
1-2: Foul Ball, location: 2F
1-2: Foul Ball, location: 2F
1-2: Foul Ball, location: 2F
1-2: Strikes out looking
Bottom of the 5th over - 0 runs, 2 hits, 0 errors, 3 left on base; St. Louis 0 - San Francisco 2
TOP OF THE 6TH
St. Louis Cardinals batting - Pitching for San Francisco Giants : RHP Keith Kidd
Batting: SHB Jason Kirby 0-0: Ball
1-0: Ball
2-0: Foul Ball, location: 2F
2-1: Swinging Strike
2-2: Strikes out swinging
Batting: RHB Fabrice Bertin 0-0: Ground out 5-3 (Groundball, 56, EV 85.6 MPH)
Batting: LHB Ichiro Toyota 0-0: Ball
1-0: Ball
2-0: Ground out 4-3 (Groundball, 4, EV 87.5 MPH)
Top of the 6th over - 0 runs, 0 hits, 0 errors, 0 left on base; St. Louis 0 - San Francisco 2
BOTTOM OF THE 6TH
San Francisco Giants batting - Pitching for St. Louis Cardinals : RHP Keith Anter
Batting: LHB Jack Henningar 0-0: Ball
1-0: Called Strike
1-1: Ball
2-1: Foul Ball, location: 2F
2-2: Foul Ball, location: 2F
2-2: Foul Ball, location: 2F
2-2: Foul Ball, location: 2F
2-2: SOLO HOME RUN (Flyball, 9D, EV 106.2 MPH), Distance : 417 ft
Batting: LHB Carey Horncole 0-0: DOUBLE (Groundball, 3L, EV 103.8 MPH)
Batting: RHB Kevin Howard 0-0: Foul Ball, location: 2F
0-1: Foul Ball, location: 2F
0-2: Reached on error, E6 (Groundball, 6, EV 104.4 MPH)
Carey Horncole to third
Pitching: RHP Parker Warr
Batting: LHB Tom Best 0-0: Fly out, F8 (Line Drive, 89D, EV 96.2 MPH)
Runner from 3rd tags up, SCORES, no throw by CF
Batting: SHB Bill Dooms 0-0: Called Strike
0-1: Fly out, F9 (Flyball, 89M, EV 85.0 MPH)
Batting: LHB John Blair 0-0: TRIPLE (Flyball, 78XD, EV 88.1 MPH)
Kevin Howard scores
Batting: RHB Nick Rigden 0-0: Foul Ball, location: 2F
0-1: Ball
1-1: Fly out, F8 (Flyball, 89S, EV 78.8 MPH)
Bottom of the 6th over - 3 runs, 3 hits, 1 error, 1 left on base; St. Louis 0 - San Francisco 5
TOP OF THE 7TH
St. Louis Cardinals batting - Pitching for San Francisco Giants : RHP Keith Kidd
Batting: LHB Tom Butterbaugh 0-0: Called Strike
0-1: Called Strike
0-2: Ball
1-2: Ball
2-2: Ground out 4-3 (Groundball, 34, EV 101.9 MPH)
Batting: SHB Antoine Roux 0-0: Ball
1-0: Ball
2-0: Ground out 6-3 (Groundball, P, EV 88.8 MPH)
Batting: LHB Armando Carbajal 0-0: Foul Ball, location: 2F
0-1: Foul Ball, location: 2F
0-2: Ball
1-2: Foul Ball, location: 2F
1-2: Foul Ball, location: 2F
1-2: Ground out U3 (Groundball, 3, EV 88.1 MPH)
Top of the 7th over - 0 runs, 0 hits, 0 errors, 0 left on base; St. Louis 0 - San Francisco 5
BOTTOM OF THE 7TH
San Francisco Giants batting - Pitching for St. Louis Cardinals : RHP Parker Warr
Batting: RHB Bobby Ayala 0-0: Ball
1-0: Swinging Strike
1-1: SINGLE (Groundball, 6MS, EV 92.5 MPH) (infield hit)
Batting: RHB Sean Zielinski 0-0: Called Strike
0-1: Called Strike
0-2: Ball
1-2: Ball
2-2: Strikes out looking
Batting: LHB Jack Henningar 0-0: Ball
1-0: Ball
2-0: Foul Ball, location: 2F
2-1: Foul Ball, location: 2F
2-2: SINGLE (Groundball, 4D, EV 96.2 MPH)
Bobby Ayala to second
Runner from 2nd tries for 3rd, SAFE, throw by CF made to third
Batting: LHB Carey Horncole 0-0: Called Strike
0-1: Foul Ball, location: 2F
0-2: Strikes out looking
Batting: RHB Kevin Howard 0-0: Called Strike
0-1: Ball
1-1: Ball
2-1: Foul Ball, location: 2F
2-2: Foul Ball, location: 2F
2-2: Foul Ball, location: 2F
2-2: Ball
3-2: Strikes out swinging
Bottom of the 7th over - 0 runs, 2 hits, 0 errors, 2 left on base; St. Louis 0 - San Francisco 5
TOP OF THE 8TH
St. Louis Cardinals batting - Pitching for San Francisco Giants : RHP Keith Kidd
Batting: RHB Tenshou Takita 0-0: Called Strike
0-1: Foul Ball, location: 2F
0-2: Strikes out swinging
Batting: RHB Jordan Diaz 0-0: Ball
1-0: Foul Ball, location: 2F
1-1: Foul Ball, location: 2F
1-2: Ball
2-2: Foul Ball, location: 2F
2-2: Foul Ball, location: 2F
2-2: Foul Ball, location: 2F
2-2: Fly out, F9 (Flyball, 9D, EV 101.2 MPH)
Batting: RHB Klaas Meij 0-0: Ball
1-0: Ball
2-0: Ball
3-0: Base on Balls
Batting: SHB Jason Kirby 0-0: Ball
1-0: DOUBLE (Line Drive, 78D, EV 107.5 MPH)
Klaas Meij to third
Runner from 3rd tries for Home, SAFE, no throw by LF
Batting: RHB Fabrice Bertin 0-0: Ground out 5-3 (Groundball, 5, EV 86.9 MPH)
Top of the 8th over - 1 run, 1 hit, 0 errors, 1 left on base; St. Louis 1 - San Francisco 5
BOTTOM OF THE 8TH
San Francisco Giants batting - Pitching for St. Louis Cardinals : RHP Parker Warr
Pitching: RHP Danny Romero
Batting: LHB Tom Best 0-0: Called Strike
0-1: Ball
1-1: Called Strike
1-2: Ball
2-2: Ball
3-2: Base on Balls
Batting: SHB Bill Dooms 0-0: Ball
1-0: Ball
2-0: Called Strike
2-1: Sac Bunt to 2L - play at first, batter OUT! 2-3
Tom Best to second
Batting: LHB John Blair 0-0: Ground out 5-3 (Groundball, 15, EV 83.1 MPH)
Batting: RHB Nick Rigden 0-0: Called Strike
0-1: Swinging Strike
0-2: Fly out, F7 (Line Drive, 78M, EV 94.4 MPH)
Bottom of the 8th over - 0 runs, 0 hits, 0 errors, 1 left on base; St. Louis 1 - San Francisco 5
TOP OF THE 9TH
St. Louis Cardinals batting - Pitching for San Francisco Giants : RHP Keith Kidd
Batting: LHB Ichiro Toyota 0-0: Called Strike
0-1: Foul Ball, location: 2F
0-2: Ground out 4-3 (Groundball, 34D, EV 85.0 MPH)
Batting: LHB Tom Butterbaugh 0-0: Ball
1-0: Swinging Strike
1-1: Called Strike
1-2: Strikes out swinging
Batting: SHB Antoine Roux 0-0: Ball
1-0: Swinging Strike
1-1: Swinging Strike
1-2: Foul Ball, location: 2F
1-2: Foul Ball, location: 2F
1-2: Ball
2-2: SINGLE (Groundball, 6MS, EV 64.4 MPH) (infield hit)
Pitching: RHP Lorenzo Merjil
Batting: LHB Armando Carbajal 0-0: Foul Ball, location: 2F
0-1: Fielders Choice at 2nd, 5-6 (Groundball, 6, EV 86.2 MPH)
Top of the 9th over - 0 runs, 1 hit, 0 errors, 1 left on base; St. Louis 1 - San Francisco 5
Thursday, December 15th , 2022 - OOTP Baseball 23.9 Build 102